 Dungeon Crawl Stone Soup version 0.27.1-34-g3ba077fa99 (webtiles) character file.

Game seed: 2450329819122766260

53 Malroth the Stinger (level 3, -8/24 HPs)
             Began as a Merfolk Venom Mage on Jan 20, 2022.
             Blown up by Ijyb (25 damage)
             ... with a mindburst bolt
             ... on level 3 of the Dungeon.
             The game lasted 00:32:14 (3938 turns).

Malroth the Stinger (Merfolk Venom Mage)            Turns: 3938, Time: 00:32:15

Health: -8/24      AC:  6    Str:  8    XL:     3   Next: 87%
Magic:  0/7        EV: 13    Int: 15    God:
Gold:   83         SH:  5    Dex: 20    Spells: 4/7 levels left

rFire    . . .     SeeInvis .   c - staff of poison
rCold    . . .     Faith    .   (no shield)
rNeg     . . .     Spirit   .   a - +0 robe
rPois    +         Reflect  +   (no helmet)
rElec    .         Harm     .   (no cloak)
rCorr    .         Rampage  .   (no gloves)
Will     .....                  (no boots)
Stlth    ++........             h - amulet of reflection
HPRegen  0.08/turn              e - +6 ring of dexterity
MPRegen  0.10/turn              g - +4 ring of protection

@: very slightly contaminated
A: (nimble swimmer 2), mertail
a: no special abilities


You were on level 3 of the Dungeon.
You visited 1 branch of the dungeon, and saw 3 of its levels.

You collected 83 gold pieces.

Inventory:

Hand Weapons
 k - a +1 dagger of venom
Armour
 a - a +0 robe (worn)
Magical Staves
 c - a staff of poison (weapon)
Jewellery
 e - a +6 ring of dexterity (left hand)
 g - a +4 ring of protection (right hand)
 h - an amulet of reflection (around neck)
Scrolls
 b - 2 scrolls of teleportation {unknown}
 d - a scroll of acquirement {unknown}
 f - a scroll of summoning {unknown}
 i - 5 scrolls of identify {unknown}
 l - a scroll of enchant armour {unknown}
Potions
 j - a potion of magic {unknown}
 m - a potion of cancellation {unknown}
 n - a potion of ambrosia {unknown}


   Skills:
 - Level 2.6 Dodging
 - Level 2.1 Stealth
 * Level 2.7 Spellcasting
 * Level 2.4 Transmutations
 * Level 4.2 Poison Magic


You had 4 spell levels left.
You knew the following spells:

 Your Spells              Type           Power      Damage    Failure   Level
a - Sting                 Tmut/Pois      72%        1d6       5%          1
b - Poisonous Vapours     Pois/Air       24%        N/A       13%         2

Your spell library contained the following spells:

 Spells                   Type           Power      Damage    Failure   Level
 Foxfire                  Conj/Fire      8%         2x1d4     21%         1
 Mephitic Cloud           Conj/Pois/Air  9%         N/A       34%         3
 Olgreb's Toxic Radiance  Pois           22%        N/A       36%         4
 Conjure Flame            Conj/Fire      2%         6-21      52%         3
 Inner Flame              Hex/Fire       2%         N/A       52%         3


Dungeon Overview and Level Annotations

Branches:
Dungeon (3/15)

Altars:
Gozag

Shops:
D:1 [

Annotations:
D:3 Ijyb


Innate Abilities, Weirdness & Mutations

((You are quick and stealthy near water. (Stealth+, EV+, Speed+++)))
Your lower body shifts to a powerful aquatic tail in water.


Message History

Aiming: Poisonous Vapours (safe; 13% risk of failure)
Press: ? - help, Dir - move target, f - Ijyb
Aim: Ijyb, wielding a +0 club, wearing a +0 chain mail and carrying a wand of mindburst (15)
You feel a surge of power!
Poisonous vapours surround Ijyb!
Ijyb is poisoned.
Casting: Poisonous Vapours (safe; 13% risk of failure)
Confirm with . or Enter, or press ? or * to list all spells.
Aiming: Poisonous Vapours (safe; 13% risk of failure)
Press: ? - help, Dir - move target, f/p - Ijyb
Aim: Ijyb, wielding a +0 club, wearing a +0 chain mail and carrying a wand of mindburst (15) (lightly wounded, poisoned)
You feel a surge of power!
Poisonous vapours surround Ijyb!
Ijyb looks even sicker.
Aiming: Sting (safe; 5% risk of failure)
Press: ? - help, Q - select action, (/) - cycle Shift-Dir - straight line, f - you, p - Ijyb
Okay, then.
Aiming: Sting (safe; 5% risk of failure)
Press: ? - help, Q - select action, (/) - cycle Shift-Dir - straight line, f - you, p - Ijyb
Okay, then.
Aiming: Sting (safe; 5% risk of failure)
Press: ? - help, Q - select action, (/) - cycle Shift-Dir - straight line, f/p - Ijyb
Aim: Ijyb, wielding a +0 club, wearing a +0 chain mail and carrying a wand of mindburst (15) (lightly wounded, very poisoned, 74% to hit)
You feel a surge of power!
The sting hits Ijyb.
Ijyb looks even sicker.
Ijyb is moderately wounded.
Aiming: Sting (safe; 5% risk of failure)
Press: ? - help, Q - select action, (/) - cycle Shift-Dir - straight line, f/p - Ijyb
Aim: Ijyb, wielding a +0 club, wearing a +0 chain mail and carrying a wand of mindburst (15) (moderately wounded, very poisoned, 74% to hit)
You feel a surge of power!
You miscast Sting.
You are very lightly contaminated with residual magic.
Nothing appears to happen.
You block Ijyb's attack.
Aiming: Sting (safe; 5% risk of failure)
Press: ? - help, Q - select action, (/) - cycle Shift-Dir - straight line, f/p - Ijyb
Aim: Ijyb, wielding a +0 club, wearing a +0 chain mail and carrying a wand of mindburst (15) (moderately wounded, very poisoned, 74% to hit)
You feel a surge of power!
The sting hits Ijyb.
Ijyb looks as sick as possible!
Ijyb is heavily wounded.
Ijyb hits you but does no damage.
You hit Ijyb but do no damage.
Ijyb is heavily wounded.
Ijyb zaps a wand.
Your mind is blasted!
Ouch! That really hurt!
You die...

#...... ##
#..........#
...#..........#
...#...........
.............#
........... .
#......#### ...
#.........######..?.#
#..<...##....@g......
################...)#
... #


You could see Ijyb (extremely poisoned).

Vanquished Creatures
  An adder (D:2)
  A dart slug (D:2)
  3 bats
  4 endoplasms (D:1)
  2 giant cockroaches
  4 goblins
  2 hobgoblins (D:1)
  6 jackals (D:1)
  A quokka (D:2)
  6 ball pythons
  2 frilled lizards
  3 kobolds
  4 rats
39 creatures vanquished.

Notes
Turn   | Place    | Note
-------+----------+-------------------------------------------
     0 | D:1      | Malroth the Merfolk Venom Mage began the quest for the Orb.
     0 | D:1      | Reached XP level 1. HP: 13/13 MP: 3/3
   167 | D:1      | Found Voxkisal's Antique Armour Shoppe.
   511 | D:1      | Reached XP level 2. HP: 19/19 MP: 0/5
   700 | D:1      | Learned a level 2 spell: Poisonous Vapours
  1397 | D:1      | Reached skill level 4 in Poison Magic
  1397 | D:1      | Reached XP level 3. HP: 23/24 MP: 0/6
  3281 | D:2      | Found an opulent altar of Gozag.
  3906 | D:3      | Noticed Ijyb
  3938 | D:3      | Blown up by Ijyb

Illustrated notes

Levels and vault maps discovered:
D:1:      co_arrival_random_square_maze, layout_loops_ring, serial_shops, shop
D:2:      layout_basic, basic_altar
D:3:      layout_rooms, ebering_ghost_reflecting_pool, uniq_ijyb

Skill      XL: |  1  2 |
---------------+-------+-----
Transmutations | 2 |  2.4
Poison Magic   | 4 |  4.2
Dodging        | |  2.6
Stealth        | |  2.1
Spellcasting   | |  2.7

Action                   || total
-------------------------++-------
Melee: Staff             ||    20
 Cast: Sting             ||    51
       Poisonous Vapours ||    25
Armor: Robe              ||    13
Dodge: Dodged            ||    48
Block: Other             ||     1
